 Dungeon Crawl Stone Soup version 0.31-a0-1626-g5cb510d322 (webtiles) character file.

Game seed: 13918545453316217952

628706 mopl the Metallomancer (level 26, -18/232 HPs)
             Began as a Green Draconian Earth Elementalist on Jan 10, 2024.
             Was the Champion of Vehumet.
             Demolished by a golden dragon (27 damage)
             ... on level 3 of the Realm of Zot on Jan 12, 2024.
             The game lasted 03:33:12 (60481 turns).

mopl the Metallomancer (DrEE)                      Turns: 60481, Time: 03:33:12

Health: -18/232    AC: 18    Str:  7 (8)  XL:     26   Next: 45%
Magic:  60/65      EV: 22    Int: 32      God:    Vehumet [******]
Gold:   5605       SH: 15    Dex: 18      Spells: 7/66 levels left

rFire   + + +        a - staff "Impbane" {rCorr Stlth+ Earth}
rCold   + . .        V - +1 kite shield {rC+ rF+}
rNeg    . . .        (body armour unavailable)
rPois   +            M - +0 hat of Eternal Vigilance {rElec Will+}
rElec   +            R - +2 cloak of the Thief {*Fog Slay-2 SInv Stlth+}
rCorr   +            U - +1 pair of gloves of the Leaf {MP+9 Dex+4}
SInv    +            b - +0 pair of boots "Ojylac" {Int+4}
Will    +++..        z - amulet of magic regeneration
Stlth   +++++        E - ring "Ipnuitwa" {^Drain rF+++ rCorr EV+5 Stlth+}
HPRegen 0.58/turn    o - ring "Okuurios" {rElec Will+ MP+9 Str-3 Int+3}
MPRegen 0.79/turn

%: no passive effects
@: on berserk cooldown, slowed, constricted, studying 4 skills, very slow
A: breathe noxious fumes, AC +12, unfitting armour, stinger 1, poison
resistance, cold-blooded, deterioration 1
}: 4/15 runes: serpentine, barnacled, slimy, silver
a: Breathe Noxious Fumes, Renounce Religion


You were on level 3 of the Realm of Zot.
You worshipped Vehumet.
Vehumet was exalted by your worship.
You visited 12 branches of the dungeon, and saw 54 of its levels.
You visited the Abyss 1 time.
You also visited: Trove, Ossuary, Gauntlet, Ice Cave, Wizlab and Desolation.

You collected 10511 gold pieces.
You spent 4906 gold pieces at shops.

Inventory:

Missiles
 y - 3 atropa-tipped darts
Armour
 b - the +0 pair of boots "Ojylac" (worn) {Int+4}
   (You found it on level 2 of the Shoals)

   Int+4:     It affects your intelligence (+4).
 M - the +0 hat of Eternal Vigilance (worn) {rElec Will+}
   (You acquired it on level 4 of the Snake Pit)

   rElec:     It insulates you from electricity.
   Will+:     It increases your willpower.
 R - the +2 cloak of the Thief (worn) {*Fog Slay-2 SInv Stlth+}
   (You found it in a treasure trove)

   *Fog:      It may release a thick cloud of smoke when the wearer is hurt.
   Slay-2:    It affects your accuracy & damage with ranged weapons and melee
   (-2).
   SInv:      It lets you see invisible.
   Stlth+:    It makes you more stealthy.
 U - the +1 pair of gloves of the Leaf (worn) {MP+9 Dex+4}
   (You found it in a treasure trove)

   Dex+4:     It affects your dexterity (+4).
   MP+9:      It affects your magic capacity (+9).
 V - a +1 kite shield of resistance (worn)
Magical Staves
 a - the staff "Impbane" (weapon) {rCorr Stlth+ Earth}
   (You found it on level 5 of the Pits of Slime)

   [staff of earth]

   Base accuracy: +5 Base damage: 5 Base attack delay: 1.2 This weapon's minimum
   attack delay (0.6) is reached at skill level 12.
   rCorr:     It protects you from acid and corrosion.
   Stlth+:    It makes you more stealthy.
   Earth:     It increases the power of your Earth spells.
   It falls into the 'Staves' category.
   It is a one-handed weapon.
 Y - the staff "Orb Guardian's Curse" {+Blink rN+ rCorr Str+2 Conj Necro}
   (You found it on level 3 of the Crypt)

   [staff of death]

   Base accuracy: +5 Base damage: 5 Base attack delay: 1.2 This weapon's minimum
   attack delay (0.6) is reached at skill level 12.
   Str+2:     It affects your strength (+2).
   rN+:       It protects you from negative energy.
   +Blink:    It lets you blink.
   rCorr:     It protects you from acid and corrosion.
   Conj:      It increases the power of your Conjurations spells.
   Necro:     It increases the power of your Necromancy spells.
   It falls into the 'Staves' category.
   It is a one-handed weapon.
Jewellery
 o - the ring "Okuurios" (right hand) {rElec Will+ MP+9 Str-3 Int+3}
   (You found it in a Gauntlet)

   [ring of willpower]

   Str-3:     It affects your strength (-3).
   Int+3:     It affects your intelligence (+3).
   rElec:     It insulates you from electricity.
   Will+:     It increases your willpower.
   MP+9:      It affects your magic capacity (+9).
 s - the ring of the Present {rF+ rCorr}
   (You found it in a wizard's laboratory)

   [ring of protection from fire]

   rF+:       It protects you from fire.
   rCorr:     It protects you from acid and corrosion.
 t - the ring "Jiace" {Fly rElec rC+ Int+3 Dex-5}
   (You took it off a moon troll in a wizard's laboratory)

   [ring of flight]

   Int+3:     It affects your intelligence (+3).
   Dex-5:     It affects your dexterity (-5).
   rC+:       It protects you from cold.
   rElec:     It insulates you from electricity.
   Fly:       It grants you flight.
 z - an amulet of magic regeneration (around neck)
 E - the ring "Ipnuitwa" (left hand) {^Drain rF+++ rCorr EV+5 Stlth+}
   (You found it in the Desolation of Salt)

   [ring of evasion]

   EV+5:      It affects your evasion (+5).
   rF+++:     It renders you almost immune to fire.
   rCorr:     It protects you from acid and corrosion.
   ^Drain:    It drains your maximum health when unequipped.
   Stlth+:    It makes you more stealthy.
Talismans
 X - a talisman of death
Wands
 f - a wand of flame (155)
 i - a wand of mindburst (27)
 m - a wand of charming (63)
 C - a wand of acid (22)
 I - a wand of digging (30)
 O - a wand of iceblast (70)
 S - a wand of polymorph (18)
Scrolls
 c - 30 scrolls of teleportation
 g - 11 scrolls of fog
 k - 13 scrolls of poison
 n - a scroll of torment {!r}
 p - 6 scrolls of blinking
 r - 9 scrolls of fear
 G - 5 scrolls of immolation
 H - 4 scrolls of vulnerability
 J - 8 scrolls of revelation
 P - 8 scrolls of butterflies
 T - 3 scrolls of enchant armour
 W - 2 scrolls of silence {!r}
 Z - a scroll of amnesia
Potions
 d - 9 potions of berserk rage {!q}
 e - 12 potions of heal wounds
 h - 6 potions of magic
 l - 32 potions of curing
 q - 10 potions of invisibility
 u - 4 potions of enlightenment
 v - 7 potions of might
 w - 11 potions of haste
 x - 4 potions of ambrosia
 A - 6 potions of resistance
 B - 14 potions of brilliance
 D - 5 potions of mutation {!q}
 F - 2 potions of cancellation
 K - 8 potions of lignification {!q}
Miscellaneous
 j - a phantom mirror
 L - a lightning rod (4/4)
 N - a condenser vane
 Q - a phial of floods


   Skills:
 - Level 18.0 Fighting
 + Level 10.7 Staves
 + Level 14.7 Dodging
 - Level 1.7 Stealth
 - Level 15.0 Shields
 + Level 20.6 Spellcasting
 - Level 16.0 Conjurations
 - Level 5.0 Hexes
 - Level 6.0 Translocations
 * Level 22.7 Earth Magic
 - Level 15.0 Alchemy
 + Level 17.0 Evocations


You had 7 spell levels left.
You knew the following spells:

 Your Spells              Type           Power      Damage    Failure   Level
a - Bombard               Conj/Erth      62%        9d10      1%          6
b - Orb of Destruction    Conj           47%        9d12      1%          7
c - Lehudib's Crystal Sp  Conj/Erth      62%        10d14     1%          8
d - Iskenderun's Mystic   Conj/Tloc      80%        2d16      1%          4
e - Blink                 Tloc           100%       N/A       1%          2
f - Shatter               Erth           66%        3d49*     7%          9
g - Ignite Poison         Fire/Alch      69%        N/A       1%          4
i - Irradiate             Conj/Alch      46%        3d27      1%          5
k - Lee's Rapid Deconstr  Erth           66%        3d30*     0%          5
o - Olgreb's Toxic Radia  Alch           91%        N/A       1%          4
y - Yara's Violent Unrav  Hex/Alch       38%        3d15      1%          5

Your spell library contained the following spells:

 Spells                   Type           Power      Damage    Failure   Level
 Magic Dart               Conj           100%       1d8       0%          1
 Sandblast                Erth           100%       2d20      0%          1
 Sting                    Conj/Alch      100%       1d9       0%          1
 Passwall                 Erth           100%       N/A       0%          3
 Stone Arrow              Conj/Erth      100%       3d13      0%          3
 Brom's Barrelling Bould  Conj/Erth      100%       2d11      0%          4
 Petrify                  Alch/Erth      100%       N/A       0%          4
 Apportation              Tloc           100%       N/A       1%          1
 Foxfire                  Conj/Fire      100%       2x1d9     1%          1
 Kiss of Death            Conj/Necr      100%       2d13      1%          1
 Shock                    Conj/Air       100%       1d9       1%          1
 Slow                     Hex            100%       N/A       1%          1
 Cigotuvi's Dreadful Rot  Necr/Alch/Air  100%       N/A       1%          2
 Ensorcelled Hibernation  Hex/Ice        96%        N/A       1%          2
 Lesser Beckoning         Tloc           100%       N/A       1%          2
 Mercury Vapours          Alch/Air       100%       N/A       1%          2
 Momentum Strike          Conj/Tloc      100%       3d10      1%          2
 Static Discharge         Conj/Air       100%       3-8/arc   1%          2
 Confusing Touch          Hex            60%        N/A       1%          3
 Hailstorm                Conj/Ice       71%        3d12      1%          3
 Inner Flame              Hex/Fire       48%        N/A       1%          3
 Mephitic Cloud           Conj/Alch/Air  78%        N/A       1%          3
 Tukima's Dance           Hex            60%        N/A       1%          3
 Volatile Blastmotes      Fire/Tloc      100%       2d18      1%          3
 Fulminant Prism          Conj/Alch      46%        3d21      1%          4
 Alistair's Intoxication  Alch           60%        N/A       1%          5
 Arcjolt                  Conj/Air       35%        1d45      1%          5
 Borgnjor's Vile Clutch   Necr/Erth      51%        N/A       1%          5
 Iskenderun's Battlesphe  Conj           94%        2d14      1%          5
 Eringya's Noxious Bog    Alch           45%        4d6       1%          6
 Necrotise                Necr           100%       1d9       2%          1
 Summon Small Mammal      Summ           100%       N/A       2%          1
 Dimensional Bullseye     Hex/Tloc       31%        N/A       2%          4
 Manifold Assault         Tloc           63%        N/A       2%          4
 Freezing Cloud           Conj/Ice/Air   30%        6-21      2%          5
 Call Imp                 Summ           64%        N/A       4%          2
 Sublimation of Blood     Necr           32%        N/A       4%          2
 Conjure Ball Lightning   Conj/Air       35%        3x3d11    4%          6
 Airstrike                Air            16%        2d(3-19)  7%          4
 Vhi's Electric Charge    Tloc/Air       100%       N/A       8%          4
 Call Canine Familiar     Summ           32%        N/A       9%          3
 Fugue of the Fallen      Necr           32%        N/A       9%          3
 Ozocubu's Armour         Ice            32%        N/A       9%          3
 Summon Ice Beast         Ice/Summ       32%        N/A       9%          3
 Swiftness                Air            32%        N/A       9%          3
 Anguish                  Hex/Necr       24%        N/A       10%         4
 Sculpt Simulacrum        Ice/Alch       34%        N/A       19%         6
 Summon Forest            Summ/Tloc      25%        N/A       22%         5
 Spellforged Servitor     Conj/Summ      35%        N/A       22%         7
 Animate Dead             Necr           32%        N/A       26%         4
 Dispel Undead            Necr           32%        3d14      26%         4
 Martyr's Knell           Necr/Summ      32%        N/A       26%         4
 Summon Blazeheart Golem  Fire/Summ      32%        N/A       26%         4
 Summon Lightning Spire   Summ/Air       32%        N/A       26%         4
 Metabolic Englaciation   Hex/Ice        24%        N/A       26%         5
 Summon Mana Viper        Hex/Summ       48%        N/A       26%         5
 Death Channel            Necr           16%        N/A       99%         6
 Summon Cactus Giant      Summ           16%        N/A       99%         6
 Ozocubu's Refrigeration  Ice            16%        4d11      99%         7
 Haunt                    Necr/Summ      16%        N/A       100%        7
 Malign Gateway           Summ/Tloc      25%        N/A       100%        7
 Monstrous Menagerie      Summ           16%        N/A       100%        7
 Summon Hydra             Summ           16%        N/A       100%        7
 Discord                  Hex            30%        N/A       100%        8
 Ignition                 Fire           16%        3d6       100%        8
 Maxwell's Capacitive Co  Air            16%        ∞         100%        8
 Chain Lightning          Conj/Air       35%        3d47      100%        9
 Dragon's Call            Summ           16%        N/A       100%        9
 Polar Vortex             Ice            16%        12d2*     100%        9
 Animate Armour           Summ/Erth      Unusable   N/A       N/A         4

Dungeon Overview and Level Annotations

Branches:
Dungeon (15/15)            Temple (1/1) D:6            Lair (5/5) D:10
 Shoals (4/4) Lair:3        Snake (4/4) Lair:2        Slime (5/5) Lair:4
    Orc (2/2) D:11            Elf (3/3) Orc:2        Vaults (5/5) D:14
  Crypt (3/3) Vaults:2       Tomb (0/3) Crypt:3      Depths (4/4) D:15
    Zot (3/5) Depths:4    Ossuary (visited)           IceCv (visited)
 WizLab (visited)         Desolation (visited)      Gauntlet (visited)

Altars:
Ashenzari
Cheibriados
Dithmenos
Elyvilon
Fedhas
Gozag
Hepliaklqana
Kikubaaqudgha
Makhleb
Nemelex Xobeh
Okawaru
Qazlal
Ru
Sif Muna
Trog
Uskayaw
Vehumet
Wu Jian
Xom
Yredelemnul
Zin
The Shining One

Shops:
D:13 !   D:14 [   Orc:1 [   Orc:2 *?[*?[!*   Shoals:2 *   Shoals:3 (
Snake:1 !   Snake:4 ?   Depths:3 =*   Depths:4 (

Portals:
Hell: Depths:1 Depths:2 Depths:3 Depths:4
Abyss: Depths:2 Depths:3
Pandemonium: Depths:1 Depths:2 Depths:4
Ziggurat: Depths:3

Annotations:
Snake:3 Agnes


Innate Abilities, Weirdness & Mutations

You can breathe blasts of noxious fumes.
Your lurid green scales are hard. (AC +12)
You cannot fit into any form of body armour.
Your tail ends in a venomous barb.
Your system is resistant to poisons. (rPois)
You are cold-blooded and may be slowed by cold attacks.
Your body sometimes deteriorates upon taking damage.


Message History

You block the tentacled monstrosity's attack.
Unknown command.
Unknown command.
Casting: Blink (safe; 1% risk of failure)
Confirm with . or Enter, or press ? or * to list all spells.
You feel a surge of power!
The dungeon rumbles!
The golden dragon is moderately wounded.
You kill the tentacled monstrosity!
Vehumet accepts your kill.
You feel your power returning.
The tentacled monstrosity is heavily wounded.
The golden dragon is moderately wounded.
You kill the goliath frog!
Vehumet accepts your kill.
You feel your power returning.
For just a moment, the protean progenitor begins to look like a jumping spider, then it explodes!
Vehumet accepts your kill.
You feel your power returning.
You kill the moth of wrath!
Vehumet accepts your kill.
You feel your power returning.
The moth of wrath is almost dead.
You kill the moth of wrath!
Vehumet accepts your kill.
You kill the aspiring flesh!
Ka-crash!
You feel ready to blink again.
The tentacled monstrosity tentacle-slaps you!
* * * LOW HITPOINT WARNING * * *
The tentacled monstrosity misses you.
You block the tentacled monstrosity's attack.
The tentacled monstrosity grabs you.
The tentacled monstrosity constricts you.
* * * LOW HITPOINT WARNING * * *
The golden dragon bites you!!!
* * * LOW HITPOINT WARNING * * *
With a swish of your cloak, you release a cloud of fog.
You block the golden dragon's attack. x2; The golden dragon bites you!!
You die...

...............#
.[...............
.[..............
................
...#............
##.......).....#
....*..§[).....
.######D*§)......
.....§§@Xy†..)...
....$§**D...).....
##...§.....).)...#
..#.....⌠)....[...
#....#............
#..#.........)....
.#................
#..##.........


You could see 4 aspiring fleshes, a tentacled monstrosity (berserk), 2 golden
dragons and a moth of wrath.

Vanquished Creatures
  the Royal Jelly (Slime:5)
  Dissolution (Slime:5)
  2 dread liches
  Mara (Depths:1)
  A juggernaut (Depths:3)
  A Killer Klown (Zot:3)
  A curse toe (Crypt:3)
  Saint Roka (Elf:3)
  5 caustic shrikes
  Nikola (Shoals:2)
  4 golden dragons
  A bone dragon (Depths:4)
  the Enchantress (Depths:2)
  An electric golem (Zot:1)
  A moon troll (WizLab)
  7 tentacled monstrosities
  7 liches
  Mlioglotl (Snake:2)
  5 titans
  2 deep elf blademasters (Elf:3)
  3 quicksilver dragons
  2 krakens
  A deep elf master archer (Elf:3)
  7 tentacled starspawn
  21 acid blobs
  3 sphinxes
  7 ancient champions
  6 tengu reavers
  4 storm dragons
  7 death cobs
  Roxanne (Snake:3)
  5 shadow dragons
  Aizul (Snake:2)
  2 draconian monks
  3 protean progenitors
  4 nagarajas (Snake:4)
  2 revenants
  14 azure jellies
  10 fire giants
  8 deep elf sorcerers (Elf:3)
  12 frost giants
  4 draconian shifters
  4 draconian knights
  A balrug (Depths:2)
  A draconian scorcher (Zot:2)
  9 rockslimes
  13 vault wardens
  3 iron dragons (Vaults:5)
  8 deep elf elementalists
  A ghoul (Crypt:2)
  28 ironbound preservers
  4 curse skulls
  A cacodemon (WizLab)
  2 juggernaut zombies (Crypt:1)
  4 draconian annihilators
  2 reapers
  3 draconian stormcallers
  2 orc warlords
  6 spriggan defenders
  11 quicksilver oozes
  18 very ugly things
  12 formless jellyfish
  20 stone giants
  16 green draconians
  4 ironbound thunderhulks
  8 deep elf demonologists
  Nessos (Lair:5)
  2 eleionomae (Depths:2)
  The ghost of Fubbytz the Imperceptible, a journeyman SpEn of Dithmenos (Shoals:2)
  A halazid warlock (Desolation)
  5 vampire knights
  7 black draconians
  5 purple draconians
  8 red draconians
  8 deep elf death magi
  12 dire elephants
  13 deep elf annihilators
  6 yellow draconians
  6 spark wasps
  5 war gargoyles
  6 white draconians
  A minotaur (Gauntlet)
  7 crystal guardians
  10 jiangshi
  7 merfolk impalers
  2 eidola
  7 merfolk javelineers
  16 yaktaur captains
  14 great orbs of eyes
  14 deep elf high priests
  10 ettins
  6 fire dragons
  5 ragged hierophants (Desolation)
  5 rakshasas
  A spriggan zombie (Crypt:2)
  2 merfolk avatars
  2 ogre magi
  4 hydras
  6 spriggan air magi
  37 vault guards
  7 peacekeepers
  4 servants of whispers (Desolation)
  7 ice dragons
  2 alligator snapping turtles (Shoals:4)
  7 ironbound frosthearts
  A salamander tyrant (Snake:2)
  11 anacondas
  A sphinx skeleton (Crypt:2)
  2 centaur warriors
  7 death knights
  8 two-headed ogres
  5 satyrs
  3 merfolk aquamancers (Shoals:4)
  4 deep troll shamans
  7 vampire magi
  9 boulder beetles
  30 dancing weapons
  16 naga warriors
  5 deep troll earth magi
  10 death yaks
  11 naga sharpshooters
  A titan zombie (Abyss:3)
  6 tengu warriors
  8 spriggan berserkers
  2 soul eaters
  An orc high priest (Orc:2)
  9 shock serpents
  5 occultists
  6 thrashing horrors (Abyss:3)
  2 sun demons
  4 hell knights
  3 iron trolls
  16 deep elf knights
  2 wretched stars (Abyss:3)
  3 salamander mystics
  4 skysharks
  2 shadow wraiths
  A goliath frog (Zot:3)
  12 sea snakes
  2 cherubim (Elf:3)
  15 skeletal warriors
  56 deep trolls
  A quicksilver dragon simulacrum (Abyss:4)
  11 arcanists
  6 flayed ghosts
  19 deep elf archers
  10 glowing orange brains
  11 mana vipers
  5 naga ritualists
  An orange crystal statue (WizLab)
  23 ironbound convokers
  30 deep elf pyromancers
  26 harpies
  12 phantasmal warriors
  A steelbarb worm (shapeshifter) (Vaults:5)
  5 orc knights
  30 deep elf zephyrmancers
  18 necromancers
  10 lindwurms
  An anaconda skeleton (Crypt:3)
  6 starcursed masses
  4 orc sorcerers (Orc:2)
  A glowing shapeshifter (Vaults:5)
  37 ugly things
  An eye of devastation (shapeshifter) (Depths:3)
  7 cyclopes
  15 manticores
  2 fauns (shapeshifter) (Vaults:5)
  5 kobold blastminers
  A large abomination (Abyss:3)
  Maurice (D:7)
  3 shining eyes
  19 salamanders
  A wolf spider (Lair:5)
  A jorogumo skeleton (Crypt:2)
  A stone giant skeleton (Crypt:1)
  14 moths of wrath
  2 shadow dragon skeletons
  9 merfolk sirens
  3 meliai (D:14)
  A dire elephant zombie (Crypt:2)
  12 vault sentinels
  A water nymph (shapeshifter) (Vaults:5)
  20 naga magi
  10 elephants
  A molten gargoyle (Desolation)
  12 fauns
  2 centaur zombies
  37 black mambas
  11 guardian serpents
  2 iron dragon skeletons (Crypt:1)
  9 torpor snails
  An ice statue (IceCv)
  10 eyes of devastation
  20 cane toads
  4 water nymphs
  2 centaur skeletons
  An unseen horror (D:11)
  2 smoke demons
  3 rime drakes
  A dire elephant skeleton (Crypt:2)
  2 yaktaur zombies
  2 kobold demonologists (D:13)
  39 yaktaurs
  A catoblepas zombie (Crypt:2)
  2 unseen horrors (shapeshifter)
  6 freezing wraiths
  6 komodo dragons
  A yaktaur (shapeshifter) (Depths:3)
  A grey draconian zombie (Crypt:3)
  2 efreet
  A mana viper skeleton (Crypt:2)
  A guardian mummy (Crypt:3)
  6 tengu conjurers
  A yaktaur skeleton (Vaults:2)
  A hydra zombie (Crypt:1)
  6 wind drakes
  22 merfolk
  A sea snake skeleton (Crypt:2)
  2 polar bears
  20 hornets
  11 trolls
  4 tyrant leeches (Lair:5)
  7 glass eyes
  37 saltlings
  9 snapping turtles
  10 blink frogs
  A harpy skeleton (Crypt:3)
  A satyr skeleton (Crypt:1)
  93 slime creatures
  Sigmund (D:5)
  3 vampires (Vaults:2)
  8 water elementals
  A culicivora (shapeshifter) (D:14)
  9 spriggans
  6 wraiths
  A wind drake zombie (Crypt:2)
  13 wyverns
  7 shadows
  3 air elementals
  2 small abominations (Abyss:3)
  A steam dragon (D:8)
  A ynoxinul (Abyss:3)
  A wind drake skeleton (Crypt:2)
  Eustachio (D:6)
  3 basilisks
  3 fire elementals
  42 yaks
  5 neqoxecs (WizLab)
  4 wargs
  11 golden eyes
  18 humans (D:14)
  3 redbacks (Lair:5)
  Grum (D:10)
  A death yak simulacrum (D:13)
  2 chaos spawn (Abyss:3)
  A fire bat zombie (Crypt:2)
  50 nagas
  Menkaure (Ossuary)
  4 great orb of eyes simulacra (IceCv)
  27 water moccasins
  Duvessa (D:5)
  A demonspawn skeleton (Crypt:3)
  31 orc warriors
  An ice beast (D:7)
  A sky beast (D:4)
  A black bear (Lair:2)
  A black mamba simulacrum (Crypt:1)
  19 laughing skulls
  9 ogres
  A crocodile (shapeshifter) (D:15)
  3 boggarts (Vaults:1)
  15 wolves
  A human skeleton (Vaults:2)
  A swamp dragon skeleton (Crypt:3)
  14 centaurs
  3 slime creature simulacra (IceCv)
  A draconian zombie (Crypt:3)
  A phantom (D:6)
  3 human zombies
  5 kobold brigands
  2 weeping skulls (Abyss:3)
  6 bullfrogs
  11 earth elementals
  2 glowing shapeshifter simulacra (IceCv)
  2 gnoll sergeants
  4 two-headed ogre simulacra (D:13)
  5 scorpions
  A draconian skeleton (Crypt:3)
  A warg zombie (Crypt:1)
  A wight (Abyss:3)
  Dowan (D:5)
  A troll zombie (Crypt:2)
  15 killer bees
  A shapeshifter skeleton (Crypt:1)
  An electric eel (Snake:2)
  A bombardier beetle (D:4)
  3 hounds
  6 jellies
  20 orc priests
  3 sleepcaps
  An iguana (D:5)
  23 orc wizards
  2 spriggan simulacra
  A wolf simulacrum (D:13)
  An acid dragon zombie (Crypt:1)
  A crocodile skeleton (Crypt:2)
  15 mummies
  13 gnolls
  3 adders
  A naga simulacrum (D:13)
  4 river rats (D:5)
  3 shadow imps
  7 white imps
  4 ufetubi (D:6)
  2 ribbon worms (D:2)
  A dart slug (D:4)
  84 orcs
  6 ball pythons
  7 bats
  6 endoplasms
  A giant cockroach (D:1)
  2 gnoll zombies (Ossuary)
  13 goblins
  10 hobgoblins
  4 jackals (D:1)
  9 kobolds
  3 quokkas (D:1)
  A frilled lizard (D:3)
  5 gnoll skeletons (Ossuary)
  5 goblin skeletons (Ossuary)
  8 goblin zombies (Ossuary)
  3 hobgoblin skeletons (Ossuary)
  4 hobgoblin zombies (Ossuary)
  A jackal zombie (Crypt:3)
  3 kobold skeletons (Ossuary)
  5 kobold zombies (Ossuary)
  5 orc skeletons (Ossuary)
  3 orc zombies (Ossuary)
  A quokka skeleton (Crypt:1)
  5 rats
  5 rat skeletons
  3 rat zombies (Ossuary)
  An aspiring flesh (Zot:3)
  3 starspawn tentacles
  4 tentacles
2449 creatures vanquished.

Vanquished Creatures (collateral kills)
  A naga warrior (Snake:4)
  A salamander (Snake:4)
  2 nagas (Snake:4)
  A bullfrog (Lair:2)
  31 boulders
36 creatures vanquished.

Vanquished Creatures (others)
  A white draconian (Zot:3)
  A glowing orange brain (Depths:4)
  A harpy (Shoals:4)
  A deep elf zephyrmancer (Elf:1)
  A manticore (Shoals:1)
  24 boulders
  2 starspawn tentacles
  11 tentacles
42 creatures vanquished.

Grand Total: 2527 creatures vanquished

Notes
Turn   | Place    | Note
-------+----------+-------------------------------------------
     0 | D:1      | mopl the Draconian Earth Elementalist began the quest for
                  | the Orb.
     0 | D:1      | Reached XP level 1. HP: 14/14 MP: 3/3
   165 | D:1      | Reached XP level 2. HP: 20/20 MP: 0/5
   655 | D:1      | Reached XP level 3. HP: 26/26 MP: 4/6
   913 | D:2      | Reached skill level 2 in Conjurations
  1173 | D:2      | Found a faded altar of an unknown god.
  1293 | D:2      | Reached XP level 4. HP: 33/33 MP: 6/8
  1698 | D:3      | Reached skill level 3 in Spellcasting
  1777 | D:3      | Reached skill level 4 in Earth Magic
  2071 | D:3      | Reached XP level 5. HP: 20/38 MP: 3/9
  2549 | D:4      | Reached skill level 3 in Conjurations
  3084 | D:4      | Found a hide-covered altar of Uskayaw.
  3165 | D:4      | Reached XP level 6. HP: 45/45 MP: 8/11
  3251 | D:5      | Entered Level 5 of the Dungeon
  3395 | D:5      | Noticed Sigmund
  3459 | D:5      | Killed Sigmund
  3460 | D:5      | Reached skill level 4 in Spellcasting
  3460 | D:5      | Reached skill level 4 in Conjurations
  3460 | D:5      | Reached skill level 5 in Earth Magic
  3645 | D:5      | Your scales start taking on a lurid green colour.
  3645 | D:5      | Reached XP level 7. HP: 48/50 MP: 10/13
  3645 | D:5      | Gained mutation: Your system is resistant to poisons.
                  | (rPois) [Green Draconian growth]
  3650 | D:5      | Learned a level 4 spell: Olgreb's Toxic Radiance
  3743 | D:5      | Reached skill level 1 in Alchemy
  3746 | D:5      | Noticed Dowan
  3747 | D:5      | Noticed Duvessa
  3989 | D:4      | Reached skill level 2 in Alchemy
  4166 | D:5      | Killed Dowan
  4180 | D:5      | Killed Duvessa
  4181 | D:5      | Reached skill level 5 in Spellcasting
  4181 | D:5      | Reached skill level 5 in Conjurations
  4181 | D:5      | Reached skill level 3 in Alchemy
  4181 | D:5      | Reached XP level 8. HP: 24/57 MP: 15/15
  4511 | D:6      | Reached skill level 6 in Earth Magic
  4549 | D:6      | Found a sand-covered staircase.
  4562 | D:6      | Found a staircase to the Ecumenical Temple.
  4573 | Temple   | Entered the Ecumenical Temple
  4601 | Temple   | Became a worshipper of Vehumet
  4687 | Ossuary  | Entered an ossuary
  4859 | Ossuary  | Reached * piety under Vehumet
  4859 | Ossuary  | Offered knowledge of Foxfire by Vehumet.
  5045 | Ossuary  | Noticed Menkaure
  5049 | Ossuary  | Reached ** piety under Vehumet
  5049 | Ossuary  | Offered knowledge of Scorch by Vehumet.
  5052 | Ossuary  | Killed Menkaure
  5053 | Ossuary  | Reached skill level 4 in Alchemy
  5184 | D:6      | Learned a level 5 spell: Irradiate
  5189 | D:6      | Learned a level 4 spell: Brom's Barrelling Boulder
  5307 | D:6      | Noticed Eustachio
  5323 | D:6      | Killed Eustachio
  5761 | D:6      | Reached skill level 6 in Conjurations
  5838 | D:7      | Reached skill level 6 in Spellcasting
  5838 | D:7      | Reached skill level 5 in Alchemy
  5897 | D:7      | Reached XP level 9. HP: 52/62 MP: 14/18
  6018 | D:7      | Noticed Maurice
  6021 | D:7      | Maurice stole a maw talisman
  6021 | D:7      | Maurice stole a ring of positive energy
  6022 | D:7      | Maurice stole 18 poisoned darts
  6025 | D:7      | Killed Maurice
  6026 | D:7      | Reached skill level 7 in Earth Magic
  6360 | D:8      | Offered knowledge of Mephitic Cloud by Vehumet.
  6363 | D:8      | Reached skill level 6 in Alchemy
  6387 | D:8      | Learned a level 3 spell: Mephitic Cloud
  6622 | D:8      | Reached skill level 7 in Conjurations
  6781 | D:8      | Paralysed by a hornet for 2 turns
  7020 | D:8      | Noticed a two-headed ogre
  7027 | D:8      | Killed a two-headed ogre
  7028 | D:8      | Reached skill level 7 in Spellcasting
  7028 | D:8      | Reached skill level 8 in Earth Magic
  7028 | D:8      | Reached skill level 7 in Alchemy
  7092 | D:8      | Reached *** piety under Vehumet
  7093 | D:8      | Reached XP level 10. HP: 60/69 MP: 18/20
  7227 | D:9      | Reached skill level 2 in Dodging
  7228 | D:9      | Reached skill level 1 in Fighting
  7371 | D:9      | Reached skill level 8 in Conjurations
  7483 | D:9      | Offered knowledge of Iskenderun's Mystic Blast by Vehumet.
  7534 | D:9      | Noticed a two-headed ogre
  7541 | D:9      | Killed a two-headed ogre
  7542 | D:9      | Reached skill level 2 in Fighting
  7769 | D:9      | Learned a level 4 spell: Iskenderun's Mystic Blast
  7795 | D:10     | Entered Level 10 of the Dungeon
  7933 | D:10     | Noticed a two-headed ogre
  7935 | D:10     | Reached skill level 8 in Spellcasting
  7935 | D:10     | Reached skill level 8 in Alchemy
  7938 | D:10     | Reached skill level 9 in Earth Magic
  7940 | D:10     | Reached skill level 3 in Dodging
  7942 | D:10     | Killed a two-headed ogre
  7943 | D:10     | Reached skill level 1 in Shields
  8107 | D:10     | Noticed a death yak
  8117 | D:10     | Reached XP level 11. HP: 75/81 MP: 20/23
  8143 | D:10     | Reached skill level 3 in Fighting
  8148 | D:10     | Noticed Grum
  8160 | D:10     | Killed Grum
  8164 | D:10     | Reached **** piety under Vehumet
  8256 | D:10     | Killed a death yak
  8256 | D:10     | Offered knowledge of Fireball by Vehumet.
  8257 | D:10     | Reached skill level 2 in Shields
  8257 | D:10     | Reached skill level 9 in Conjurations
  8396 | D:10     | Found a staircase to the Lair.
  8455 | D:10     | Noticed a death yak
  8455 | D:10     | Noticed a death yak
  8456 | D:10     | Noticed a death yak
  8456 | D:10     | Noticed a death yak
  8469 | D:10     | Killed a death yak
  8474 | D:10     | Killed a death yak
  8480 | D:10     | Killed a death yak
  8488 | D:10     | Killed a death yak
  8489 | D:10     | Reached skill level 4 in Fighting
  8489 | D:10     | Reached skill level 4 in Dodging
  8721 | D:10     | Reached skill level 9 in Spellcasting
  8823 | D:11     | Found a portal to a secret trove of treasure.
  8840 | Trove    | Entered a treasure trove
  8872 | Trove    | Found the +2 cloak of the Thief {*Fog Slay-2 SInv Stlth+}
  8899 | Trove    | Identified the +1 pair of gloves of the Leaf {MP+9 Dex+4}
  9078 | D:11     | Reached skill level 3 in Shields
  9078 | D:11     | Reached skill level 10 in Earth Magic
  9103 | D:11     | Noticed a boulder beetle
  9112 | D:11     | Killed a boulder beetle
  9322 | D:11     | Identified the +1 leather armour of the Evening {^Contam
                  | Harm rPois rCorr}
  9381 | D:11     | Reached skill level 9 in Alchemy
  9441 | D:11     | Noticed a two-headed ogre
  9447 | D:11     | Killed a two-headed ogre
  9448 | D:11     | Reached XP level 12. HP: 92/92 MP: 15/25
  9459 | D:11     | Found a staircase to the Orcish Mines.
  9715 | Orc:1    | Entered Level 1 of the Orcish Mines
  9992 | Orc:2    | Entered Level 2 of the Orcish Mines
  9996 | Orc:2    | Reached skill level 10 in Conjurations
 10034 | Orc:2    | Found Regat's Magic Scroll Emporium.
 10048 | Orc:2    | Bought a scroll of fog for 56 gold pieces
 10048 | Orc:2    | Bought a scroll of enchant weapon for 105 gold pieces
 10048 | Orc:2    | Bought a scroll of fear for 56 gold pieces
 10048 | Orc:2    | Bought a scroll of teleportation for 42 gold pieces
 10048 | Orc:2    | Bought a scroll of fog for 56 gold pieces
 10048 | Orc:2    | Bought a scroll of identify for 28 gold pieces
 10058 | Orc:2    | Found a gate leading to a gauntlet.
 10059 | Orc:2    | Found a staircase to the Elven Halls.
 10091 | Gauntlet | Entered a Gauntlet
 10091 | Gauntlet | Found a transporter.
 10091 | Gauntlet | Found a transporter.
 10095 | Gauntlet | Found a transporter.
 10096 | Gauntlet | Found a transporter.
 10114 | Gauntlet | Found a transporter.
 10132 | Gauntlet | Found a transporter.
 10152 | Gauntlet | Found a transporter.
 10169 | Gauntlet | Found a transporter.
 10190 | Gauntlet | Found a transporter.
 10273 | Gauntlet | Found a transporter.
 10273 | Gauntlet | Found a transporter.
 10286 | Gauntlet | Found a transporter.
 10304 | Gauntlet | Found a transporter.
 10332 | Gauntlet | Found a transporter.
 10371 | Gauntlet | Found a transporter.
 10392 | Gauntlet | Found a transporter.
 10497 | Gauntlet | Reached skill level 5 in Fighting
 10549 | Gauntlet | Identified the ring "Okuurios" {rElec Will+ MP+9 Str-3
                  | Int+3}
 10625 | Gauntlet | Reached skill level 4 in Shields
 10633 | Gauntlet | Identified the +0 pair of boots of the Old and Reckless
                  | {rC+}
 10639 | Gauntlet | Reached skill level 5 in Dodging
 10639 | Gauntlet | Reached skill level 10 in Spellcasting
 10639 | Gauntlet | Reached skill level 11 in Earth Magic
 10639 | Gauntlet | Reached XP level 13. HP: 99/102 MP: 27/27
 10651 | Gauntlet | Noticed a minotaur
 10685 | Gauntlet | Killed a minotaur
 10918 | Gauntlet | Identified the +1 cloak of the Fife {-Tele rPois rC+++
                  | Int+4}
 11044 | Orc:1    | Reached skill level 6 in Fighting
 11044 | Orc:1    | Reached skill level 11 in Conjurations
 11124 | Orc:1    | Found Oratwics's Armour Emporium.
 11422 | Orc:2    | Found Faiwoely's Armour Emporium.
 11455 | Orc:2    | Reached skill level 10 in Alchemy
 11467 | Orc:2    | Found Duarch's Distillery.
 11489 | Orc:2    | Bought a potion of heal wounds for 65 gold pieces
 11489 | Orc:2    | Bought a potion of heal wounds for 65 gold pieces
 11540 | Orc:2    | Found Sedwokle's Assorted Antiques.
 11560 | Orc:2    | Bought a scroll labelled JUOMOQ IXYME for 29 gold pieces
 11560 | Orc:2    | Bought a scroll labelled FEZIMA VEAFUN for 29 gold pieces
 11560 | Orc:2    | Bought a scroll of identify for 58 gold pieces
 11637 | Orc:2    | Reached skill level 5 in Shields
 11968 | Orc:2    | Noticed an orc warlord
 11982 | Orc:2    | Killed an orc warlord
 11991 | Orc:2    | Gained mutation: Your tail ends in a venomous barb. [Green
                  | Draconian growth]
 11991 | Orc:2    | Reached XP level 14. HP: 101/111 MP: 27/28
 12003 | Orc:2    | Found Puhuubo's Assorted Antiques.
 12006 | Orc:2    | Found Coumisch's Magic Scroll Boutique.
 12074 | Orc:2    | Found Jelor's General Store.
 12099 | Orc:2    | Bought a worn silver wand for 104 gold pieces
 12099 | Orc:2    | Bought a scroll of identify for 52 gold pieces
 12099 | Orc:2    | Bought a scroll of teleportation for 78 gold pieces
 12099 | Orc:2    | Bought a scroll of identify for 52 gold pieces
 12103 | Orc:2    | Bought a scroll of immolation for 68 gold pieces
 12117 | Orc:2    | Found Zucsuzop's Armour Shop.
 12122 | Orc:2    | Reached skill level 6 in Dodging
 12329 | Orc:2    | Bought a scroll of blinking for 105 gold pieces
 12329 | Orc:2    | Bought a scroll of silence for 133 gold pieces
 12357 | Orc:2    | Bought a scroll of identify for 34 gold pieces
 12357 | Orc:2    | Bought a scroll of identify for 34 gold pieces
 12357 | Orc:2    | Bought a scroll of identify for 34 gold pieces
 12357 | Orc:2    | Bought a scroll of identify for 34 gold pieces
 12477 | Lair:1   | Entered Level 1 of the Lair of Beasts
 12855 | Lair:1   | Reached skill level 12 in Earth Magic
 13293 | Lair:2   | Reached skill level 11 in Spellcasting
 13356 | Lair:2   | Reached skill level 7 in Fighting
 13620 | Lair:2   | Reached ***** piety under Vehumet
 13620 | Lair:2   | Offered knowledge of Plasma Beam by Vehumet.
 13622 | Lair:2   | Reached skill level 1 in Evocations
 13630 | Lair:2   | Found a staircase to the Snake Pit.
 14018 | Lair:3   | Reached skill level 12 in Conjurations
 14133 | Lair:3   | Found a staircase to the Shoals.
 14162 | Lair:3   | Reached skill level 6 in Shields
 14171 | Lair:3   | Identified the +8 quarterstaff of Remaef {pain, rPois Will+
                  | rCorr Str-4}
 14927 | Lair:4   | Found a staircase to the Slime Pits.
 15008 | Lair:4   | Reached skill level 2 in Evocations
 15020 | Lair:4   | Reached skill level 11 in Alchemy
 15167 | Lair:4   | Found a snail-covered altar of Cheibriados.
 15536 | Lair:5   | Entered Level 5 of the Lair of Beasts
 15830 | Lair:5   | Reached skill level 8 in Fighting
 15830 | Lair:5   | Reached skill level 3 in Evocations
 15830 | Lair:5   | Reached XP level 15. HP: 111/121 MP: 26/30
 15937 | Lair:5   | Reached skill level 13 in Earth Magic
 16081 | Lair:5   | Offered knowledge of Yara's Violent Unravelling by Vehumet.
 16191 | Lair:5   | Noticed Nessos
 16195 | Lair:5   | Killed Nessos
 16381 | Lair:5   | Reached skill level 7 in Dodging
 16863 | Lair:5   | Reached skill level 12 in Spellcasting
 16952 | Lair:5   | Reached skill level 13 in Conjurations
 17385 | D:12     | Reached skill level 7 in Shields
 18135 | D:12     | Learned a level 5 spell: Yara's Violent Unravelling
 18365 | D:13     | Found a frozen archway.
 18421 | IceCv    | Entered an ice cave
 18884 | IceCv    | Reached skill level 4 in Evocations
 18939 | IceCv    | Reached skill level 1 in Hexes
 19156 | IceCv    | Found a viscous altar of Jiyva.
 19156 | IceCv    | Noticed an azure jelly
 19170 | IceCv    | Noticed an azure jelly
 19175 | IceCv    | Killed an azure jelly
 19176 | IceCv    | Killed an azure jelly
 19515 | D:13     | Identified the ring "Amafrul" {rElec rPois rCorr Str+7
                  | Dex-4}
 19630 | D:13     | Found Koul's Distillery.
 19642 | D:13     | Bought a potion of curing for 45 gold pieces
 19642 | D:13     | Bought a potion of curing for 45 gold pieces
 19642 | D:13     | Bought a potion of curing for 45 gold pieces
 20043 | D:14     | Offered knowledge of Lee's Rapid Deconstruction by Vehumet.
 20694 | D:14     | Reached skill level 2 in Hexes
 20694 | D:14     | Reached skill level 12 in Alchemy
 21014 | D:14     | Found Peocoiro's Antique Armour Shoppe.
 21038 | D:14     | Reached XP level 16. HP: 130/130 MP: 32/32
 21069 | D:14     | Reached skill level 9 in Fighting
 21178 | D:14     | You fall into a shaft and drop 1 floor!
 21178 | D:15     | Entered Level 15 of the Dungeon
 21304 | D:14     | Learned a level 5 spell: Lee's Rapid Deconstruction
 21311 | D:14     | Learned a level 6 spell: Bombard
 21575 | D:14     | Found a gate to the Vaults.
 21789 | D:15     | Reached skill level 14 in Earth Magic
 21830 | D:15     | Found a glowing golden altar of the Shining One.
 21830 | D:15     | Found a white marble altar of Elyvilon.
 21830 | D:15     | Found a glowing silver altar of Zin.
 21845 | D:15     | Found the +1 robe of Vines {NoPotionHeal Regen++++}
 21924 | D:15     | Offered knowledge of Freezing Cloud by Vehumet.
 21992 | D:15     | Reached skill level 5 in Evocations
 21999 | D:15     | Reached skill level 3 in Hexes
 22183 | D:15     | Found a staircase to the Depths.
 22491 | Shoals:1 | Entered Level 1 of the Shoals
 22638 | Shoals:1 | Learned a level 2 spell: Blink
 22664 | Shoals:1 | Reached skill level 8 in Dodging
 22682 | Shoals:1 | Reached skill level 8 in Shields
 22757 | Shoals:1 | Reached skill level 14 in Conjurations
 22873 | Shoals:1 | Reached skill level 13 in Spellcasting
 23060 | Shoals:1 | Reached skill level 1 in Translocations
 23417 | Shoals:2 | Noticed Nikola
 23433 | Shoals:2 | Killed Nikola
 23759 | Shoals:2 | Found a transporter.
 23779 | Shoals:2 | Found a transporter.
 23799 | Shoals:2 | Noticed Fubbytz's ghost (journeyman SpEn)
 23918 | Shoals:2 | Noticed a kraken
 23935 | Shoals:2 | Killed a kraken
 24025 | Shoals:2 | Found Eptasm's Gadget Gallery.
 24033 | Shoals:2 | Bought a lightning rod (4/4) for 600 gold pieces
 24033 | Shoals:2 | Bought a condenser vane for 600 gold pieces
 24332 | Shoals:3 | Reached XP level 17. HP: 82/139 MP: 34/34
 24487 | Shoals:3 | Found Paopnokos's Weapon Shop.
 24488 | Shoals:3 | Noticed a kraken
 24502 | Shoals:3 | Killed a kraken
 24825 | Shoals:4 | Entered Level 4 of the Shoals
 24907 | Shoals:4 | Reached skill level 2 in Translocations
 25150 | Shoals:4 | Reached ****** piety under Vehumet
 25249 | Shoals:4 | Found a blossoming altar of Fedhas.
 25310 | Shoals:4 | Offered knowledge of Eringya's Noxious Bog by Vehumet.
 25767 | Shoals:4 | Reached skill level 4 in Hexes
 26033 | Shoals:4 | Reached skill level 10 in Fighting
 26039 | Shoals:4 | Reached skill level 6 in Evocations
 26392 | Shoals:4 | Got an azure gem with 0 turns to spare
 26394 | Shoals:4 | Got a barnacled rune of Zot
 26632 | Snake:1  | Entered Level 1 of the Snake Pit
 26858 | Snake:1  | Reached skill level 3 in Translocations
 26941 | Snake:1  | Reached skill level 15 in Earth Magic
 26956 | Snake:1  | Found Vaecil's Distillery.
 26964 | Snake:1  | Bought a potion of cancellation for 96 gold pieces
 26964 | Snake:1  | Bought a potion of ambrosia for 96 gold pieces
 27155 | Snake:2  | Found a bloodstained altar of Trog.
 27213 | Snake:2  | Noticed Mlioglotl
 27222 | Snake:2  | Killed Mlioglotl
 27226 | Snake:2  | Reached skill level 13 in Alchemy
 27263 | Snake:3  | Offered knowledge of Starburst by Vehumet.
 27301 | Snake:3  | Noticed Agnes
 27369 | Snake:3  | Noticed Roxanne
 27375 | Snake:3  | Killed Roxanne
 27376 | Snake:3  | Reached skill level 15 in Conjurations
 27442 | Snake:4  | Entered Level 4 of the Snake Pit
 27687 | Snake:4  | Upgraded the game from 0.31-a0-1616-gbeaec30b81 to
                  | 0.31-a0-1620-gcbf77bbcfc
 27723 | Snake:4  | Reached skill level 9 in Shields
 28146 | Snake:4  | Reached XP level 18. HP: 76/149 MP: 24/35
 28162 | Snake:4  | Found Fanar's Magic Scroll Boutique.
 28180 | Snake:4  | Identified the +4 sling of the Viper {drain, Dex+2}
 28258 | Snake:4  | Reached skill level 14 in Spellcasting
 28390 | Snake:2  | Reached skill level 9 in Dodging
 28477 | Snake:2  | Reached skill level 5 in Hexes
 28547 | Snake:2  | Identified the serpent talisman of Imperfection {SInv}
 28547 | Snake:2  | Noticed Aizul
 28561 | Snake:2  | Killed Aizul
 28623 | Snake:2  | Reached skill level 4 in Translocations
 28628 | Snake:2  | Offered knowledge of Conjure Ball Lightning by Vehumet.
 30225 | Snake:3  | Reached skill level 7 in Evocations
 30977 | Snake:4  | Reached skill level 11 in Fighting
 31372 | Snake:4  | Offered knowledge of Lehudib's Crystal Spear by Vehumet.
 31372 | Snake:4  | Offered knowledge of Shatter by Vehumet.
 31372 | Snake:4  | Offered knowledge of Chain Lightning by Vehumet.
 31509 | Snake:4  | Got a serpentine rune of Zot
 31555 | Snake:4  | Reached skill level 5 in Translocations
 31775 | Elf:1    | Entered Level 1 of the Elven Halls
 32279 | Elf:1    | Reached XP level 19. HP: 141/158 MP: 23/37
 32354 | Elf:1    | Reached skill level 16 in Earth Magic
 32543 | Elf:1    | Identified the +3 leather armour "Notyik" {*Slow rF++
                  | Int+4}
 33040 | Elf:2    | Found a crumbling gateway.
 33117 | Elf:2    | Reached skill level 16 in Conjurations
 33146 | Desolati | Entered the Desolation of Salt
 33171 | Desolati | Reached skill level 10 in Shields
 33446 | Desolati | Reached skill level 14 in Alchemy
 33516 | Desolati | Got the Octavo of Jinxing and Gases
 33520 | Desolati | Identified the +4 long sword of Righteous Anger {spect,
                  | *Corrode rC+ Str+2}
 33661 | Desolati | Identified the +0 ring mail of Jigsaw {rC- Will+ Stlth+}
 33662 | Desolati | Identified the ring "Ipnuitwa" {^Drain rF+++ rCorr EV+5
                  | Stlth+}
 33664 | Desolati | Identified the +1 robe "Ajegeen" {Rampage rF+ rC- Int+2}
 33773 | Desolati | Got the Encyclopedia of Accomplices
 33775 | Desolati | Got the Omnibus of the Productive Fifth Circle
 33988 | Elf:2    | Found a radiant altar of Vehumet.
 34039 | Elf:2    | Reached skill level 15 in Spellcasting
 34093 | Elf:2    | Reached skill level 6 in Translocations
 34143 | Elf:2    | Reached skill level 10 in Dodging
 34167 | Elf:2    | Reached skill level 8 in Evocations
 34245 | Elf:2    | Found a runed translucent gate.
 34251 | Elf:2    | Found a runed translucent gate.
 34252 | Elf:2    | Found a runed translucent gate.
 35008 | Elf:3    | Entered Level 3 of the Elven Halls
 35012 | Elf:3    | Reached skill level 12 in Fighting
 35150 | Elf:3    | Noticed Saint Roka
 35159 | Elf:3    | Killed Saint Roka
 35565 | Elf:3    | Reached XP level 20. HP: 121/166 MP: 6/39
 36056 | Elf:3    | Got the Tempter's Omnibus of Forbidden Fruit
 36142 | Elf:3    | Identified the +10 flail "Bauseo" {distort, Int+5 Stlth+}
 36286 | Elf:3    | Identified the +6 whip of Blood {freeze, rElec Dex+5}
 36293 | Abyss:3  | Cast into level 3 of the Abyss (a deep elf sorcerer)
 36470 | Abyss:3  | Reached skill level 17 in Earth Magic
 36505 | Abyss:3  | Found a corrupted altar of Lugonu.
 36631 | Abyss:3  | Noticed a bone dragon
 36838 | Elf:3    | Escaped the Abyss
 36972 | Elf:3    | Identified the +10 battleaxe of the Uplifting Fox {venom,
                  | Str+2}
 37054 | Elf:3    | Reached skill level 11 in Shields
 37161 | Elf:3    | Reached skill level 9 in Evocations
 37172 | Elf:3    | Identified the +9 halberd of Finucah {freeze, rF+ SInv}
 37173 | Elf:3    | Identified the +3 pair of gloves of Joacw {rPois rN+ Dex+2}
 37184 | Elf:3    | Identified the +11 arbalest "Orphiucy" {penet, Will++}
 37249 | Elf:3    | Identified the +3 scale mail of Viann {rPois Int+2}
 37334 | Elf:3    | Identified the +1 rapier "Vaosuyto" {heavy, ^Drain Str+4
                  | Int+6}
 37395 | Elf:3    | Reached skill level 15 in Alchemy
 37420 | Elf:3    | Reached skill level 16 in Spellcasting
 38019 | Elf:3    | Got the Anthology of the Topological Barrage
 38059 | Elf:3    | Identified a scroll of acquirement
 38067 | Elf:3    | Acquired 1049 gold pieces
 38119 | Elf:3    | Got the Parchment of the Scarab
 38121 | Elf:3    | Got the Omnibus of Contamination
 38473 | Shoals:2 | Killed Fubbytz's ghost
 38480 | Shoals:2 | Identified the +0 pair of boots "Ojylac" {Int+4}
 39143 | Snake:4  | Bought a scroll of acquirement for 780 gold pieces
 39143 | Snake:4  | Bought a scroll of vulnerability for 60 gold pieces
 39143 | Snake:4  | Bought a scroll of vulnerability for 60 gold pieces
 39143 | Snake:4  | Bought a scroll of acquirement for 780 gold pieces
 39143 | Snake:4  | Bought a scroll of teleportation for 45 gold pieces
 39143 | Snake:4  | Acquired the +0 hat of Eternal Vigilance {rElec Will+}
 39156 | Snake:4  | Acquired 1197 gold pieces
 39382 | Slime:1  | Entered Level 1 of the Pits of Slime
 39814 | Slime:4  | Reached skill level 11 in Dodging
 39817 | Slime:3  | Upgraded the game from 0.31-a0-1620-gcbf77bbcfc to
                  | 0.31-a0-1626-g5cb510d322
 39900 | Slime:1  | Paralysed by a formless jellyfish for 1 turns
 40320 | Slime:4  | Paralysed by a formless jellyfish for 1 turns
 40325 | Slime:3  | Reached skill level 13 in Fighting
 40774 | Slime:4  | Reached XP level 21. HP: 178/178 MP: 41/41
 40782 | Slime:5  | Entered Level 5 of the Pits of Slime
 41112 | Slime:5  | Reached skill level 18 in Earth Magic
 41402 | Slime:5  | Noticed Dissolution
 41407 | Slime:5  | Killed Dissolution
 41433 | Slime:5  | Reached skill level 10 in Evocations
 41646 | Slime:5  | Noticed the Royal Jelly
 41656 | Slime:5  | Killed the Royal Jelly
 41660 | Slime:5  | Reached skill level 1 in Staves
 41718 | Slime:5  | Identified the +10 dire flail "Jeonuagg" {heavy, rF+ rN+
                  | Str+4 Int+2}
 41755 | Slime:5  | Got a slimy rune of Zot
 41771 | Slime:5  | Identified the staff "Impbane" {rCorr Stlth+ Earth}
 41794 | Slime:5  | Identified the +0 hat of Complete Protection {rC+ Regen+}
 41806 | Slime:5  | Identified the +7 trident of Baleful Innocence {elec,
                  | rCorr}
 42159 | Depths:1 | Entered Level 1 of the Depths
 42159 | Depths:1 | Found a one-way gate leading to the halls of Pandemonium.
 42186 | Depths:1 | You fall into a shaft and drop 1 floor!
 42186 | Depths:2 | Noticed the Enchantress
 42268 | Depths:1 | Reached skill level 12 in Shields
 43174 | Depths:2 | Reached skill level 17 in Spellcasting
 43190 | Depths:2 | Reached skill level 2 in Staves
 43463 | Depths:2 | Noticed Mara
 43692 | Depths:1 | Killed Mara
 44003 | Depths:1 | Reached skill level 11 in Evocations
 44072 | Depths:1 | Found a gateway to Hell.
 44125 | Depths:1 | Reached XP level 22. HP: 188/188 MP: 38/43
 44132 | Depths:1 | Reached skill level 3 in Staves
 44357 | Depths:1 | Found a blossoming altar of Fedhas.
 44398 | Depths:1 | Found a sacrificial altar of Ru.
 44949 | Depths:2 | Found a one-way gate to the infinite horrors of the Abyss.
 44963 | Depths:2 | Acquired 686 gold pieces
 45064 | Depths:2 | Identified the +10 trident of Waok {drain, rPois rF- rCorr
                  | SInv}
 45219 | Depths:2 | Reached skill level 14 in Fighting
 45338 | Depths:2 | Killed the Enchantress
 45424 | Depths:2 | Learned a level 9 spell: Shatter
 45477 | Depths:3 | Found a one-way gateway to a ziggurat.
 45541 | Depths:3 | Reached skill level 19 in Earth Magic
 45650 | Depths:3 | Reached skill level 12 in Dodging
 45779 | Depths:3 | Found Gaiges Vomn's Assorted Antiques.
 45786 | Depths:3 | Found Vouquu's Jewellery Boutique.
 45793 | Depths:3 | Bought a pair of masterwork boots for 256 gold pieces
 45793 | Depths:3 | Identified the +0 pair of boots of Parlour Games {Rampage
                  | Fly Str-2 Int-3} (You bought it in a shop on level 3 of the
                  | Depths)
 45793 | Depths:3 | Bought a scroll of teleportation for 81 gold pieces
 45879 | Depths:3 | Reached skill level 4 in Staves
 46274 | Depths:3 | Noticed a juggernaut
 46284 | Depths:3 | Killed a juggernaut
 46610 | Depths:3 | Noticed a caustic shrike
 46613 | Depths:3 | Killed a caustic shrike
 46614 | Depths:3 | Reached skill level 12 in Evocations
 46805 | Depths:4 | Entered Level 4 of the Depths
 46807 | Depths:4 | Noticed a golden dragon
 46864 | Depths:3 | Killed a golden dragon
 47118 | Depths:4 | Noticed a caustic shrike
 47118 | Depths:4 | Noticed a caustic shrike
 47121 | Depths:4 | Noticed a caustic shrike
 47176 | Depths:4 | Noticed a caustic shrike
 47191 | Depths:3 | Killed a caustic shrike
 47191 | Depths:3 | Killed a caustic shrike
 47191 | Depths:3 | Killed a caustic shrike
 47425 | Depths:4 | Killed a caustic shrike
 47479 | Depths:4 | Found a sparkling altar of Nemelex Xobeh.
 47552 | Depths:4 | Found Taras's Weapon Shop.
 47702 | Depths:4 | Reached skill level 5 in Staves
 47852 | Depths:4 | Found a gate to the Realm of Zot.
 48127 | Vaults:1 | Entered Level 1 of the Vaults
 48209 | Vaults:1 | Reached XP level 23. HP: 176/196 MP: 29/44
 48210 | Vaults:1 | Reached skill level 18 in Spellcasting
 48277 | Vaults:1 | Reached skill level 13 in Shields
 49157 | Vaults:2 | Reached skill level 13 in Evocations
 49234 | Vaults:2 | Learned a level 4 spell: Ignite Poison
 49301 | Vaults:2 | Found a staircase to the Crypt.
 49533 | Vaults:2 | Identified the +6 hand axe of the Hurling Gods {freeze,
                  | Str+5 Stlth+}
 49578 | Vaults:2 | Reached skill level 6 in Staves
 49919 | Vaults:2 | Reached skill level 20 in Earth Magic
 49942 | Vaults:2 | Got the Folio of Congealing Guile
 50166 | Vaults:2 | Acquired 548 gold pieces
 50258 | Vaults:3 | Reached skill level 15 in Fighting
 50483 | Vaults:3 | Gained mutation: Your body sometimes deteriorates upon
                  | taking damage. [mutagenic glow]
 51311 | Vaults:4 | Reached skill level 13 in Dodging
 51311 | Vaults:4 | Reached XP level 24. HP: 194/207 MP: 45/45
 51312 | Vaults:4 | Reached skill level 14 in Evocations
 51334 | Vaults:4 | Reached skill level 7 in Staves
 52296 | Vaults:5 | Entered Level 5 of the Vaults
 52310 | Vaults:5 | Reached skill level 19 in Spellcasting
 52312 | Vaults:5 | Reached skill level 16 in Fighting
 52322 | Vaults:5 | Reached skill level 14 in Shields
 52581 | Vaults:5 | Reached skill level 8 in Staves
 52585 | Vaults:5 | Reached skill level 21 in Earth Magic
 52585 | Vaults:5 | Reached skill level 15 in Evocations
 52889 | Vaults:5 | Acquired the staff of the Key {rElec Earth}
 52923 | Vaults:5 | Noticed a dread lich
 52927 | Vaults:5 | Killed a dread lich
 52947 | Vaults:5 | Got a silver rune of Zot
 52989 | Vaults:5 | Identified the ring of Tuaryity {rF++ rC- Int+6 Dex+2 SInv}
 52993 | Vaults:5 | Got the Textbook on Kinetic Energy
 52998 | Vaults:5 | Identified the +1 dagger "Hercha" {chaos, Str+4 Int+4
                  | Dex-5}
 53704 | Vaults:5 | Identified the +1 helmet of Joy {Regen+ Slay+2 SInv}
 54276 | Crypt:1  | Entered Level 1 of the Crypt
 54298 | Crypt:1  | Reached XP level 25. HP: 197/217 MP: 18/46
 54378 | Crypt:1  | Reached skill level 17 in Fighting
 54982 | Crypt:1  | Identified the +1 robe of the Prince of Darkness {rElec
                  | rC+}
 56001 | Crypt:3  | Entered Level 3 of the Crypt
 56191 | Crypt:3  | Reached skill level 9 in Staves
 56191 | Crypt:3  | Found a magical portal.
 56203 | WizLab   | Entered Lehudib's Moon Base
 56377 | WizLab   | Identified the ring of the Present {rF+ rCorr}
 56402 | WizLab   | Reached skill level 16 in Evocations
 56491 | WizLab   | Identified the +9 great mace of Baethuj {flame, Int+4}
 56491 | WizLab   | Identified the ring "Jiace" {Fly rElec rC+ Int+3 Dex-5}
 56537 | WizLab   | Reached skill level 20 in Spellcasting
 56599 | WizLab   | Reached skill level 14 in Dodging
 56639 | WizLab   | Found a transporter.
 56683 | WizLab   | Found a transporter.
 56767 | WizLab   | Identified the staff of Chagrin {rF+ Summ Fire}
 57743 | Crypt:3  | Noticed a dread lich
 57748 | Crypt:3  | Killed a dread lich
 57749 | Crypt:3  | Reached skill level 18 in Fighting
 57752 | Crypt:3  | Identified the staff "Orb Guardian's Curse" {+Blink rN+
                  | rCorr Str+2 Conj Necro}
 57764 | Crypt:3  | Identified the staff "Qetyen" {rF+ rCorr Str+3 Fire}
 57840 | Crypt:3  | Found a staircase to the Tomb.
 57982 | Crypt:3  | Learned a level 7 spell: Orb of Destruction
 57991 | Crypt:3  | Learned a level 8 spell: Lehudib's Crystal Spear
 58406 | Zot:1    | Entered Level 1 of the Realm of Zot
 58502 | Zot:1    | Reached skill level 15 in Shields
 58509 | Zot:1    | Reached skill level 22 in Earth Magic
 58605 | Zot:1    | Reached XP level 26. HP: 224/232 MP: 31/47
 59109 | Zot:2    | Reached skill level 10 in Staves
 59591 | Zot:2    | Got Evakkev's Folio of the Assembled Serac
 60275 | Zot:3    | Reached skill level 17 in Evocations
 60481 | Zot:3    | HP: 9/232 [golden dragon (50)]
 60481 | Zot:3    | Demolished by a golden dragon

Illustrated notes

Levels and vault maps discovered:
D:1:      lightli_arrival_noodles, layout_basic
D:2:      kennysheep_the_goblin_king, layout_loops_ring,
          hellmonk_ecumenical_altar_crossroads
D:3:      wad_lake_hut, layout_rooms, serial_curves, eino_curves_03,
          eino_curves_01, mrwooster_statue_mirror
D:4:      layout_basic, nicolae_uskayaw_suspiria
D:5:      wad_woods_tower, layout_basic, hangedman_abyss_or_decor_slice,
          uniq_sigmund, uniq_duvessa
D:6:      layout_loops_ring, minmay_temple_entry_grid,
          nicolae_ossuary_entry_false_entrances, grunt_ministairs_13,
          uniq_eustachio
D:7:      layout_basic, uniq_maurice
D:8:      layout_loops_cross, minmay_circle_x
D:9:      layout_basic
D:10:     layout_small_grid, dpeg_lair_monsters, minivault_19,
          serial_bayou_crossing, uniq_grum
D:11:     layout_roguey [special_room_orc], minmay_orc_entry_guard_dogs,
          nicolae_trove_entry_free_sample
D:12:     layout_loops_corners, serial_glass, glass_columns_c, glass_columns_b,
          kennysheep_boxes
D:13:     layout_roguey, serial_shops, shop, portal_ice_cave_entry_ice_simulacra
D:14:     layout_rooms, grunt_vaults_entry_tiered, serial_shops, shop_statue
D:15:     grunt_enter_depths_snipers, layout_rooms, good_gods_mini_temple
Temple:   mainiacjoe_temple_hex_bubbles
Lair:1:   layout_roguey, lemuel_fruit_fields
Lair:2:   layout_gridlike, minmay_snake_entry_six_corridors
Lair:3:   layout_cave_pods, minmay_shoals_entry_beasts, serial_bayou_pond_c
Lair:4:   layout_gridlike, slime_entry_1, small_statue_intersection,
          kennysheep_snail_temple, infiniplex_staircase_pool_2
Lair:5:   hangedman_lair_tendril_chambers, layout_cave_pods, wormcave,
          serial_bayou_pond_d, uniq_nessos
Shoals:1: cheibrodos_shoals_oceanic_diplomacy, layout_shoals
Shoals:2: layout_shoals, gammafunk_ghost_berserking_beasts,
          nicolae_shop_gadgets, uniq_nikola
Shoals:3: layout_shoals, nicolae_stop_n_shop_1
Shoals:4: shoals_end_grunt_ice, layout_shoals, lemuel_altar_in_water,
          nicolae_shoals_loop_pool
Snake:1:  layout_grid_shapes, serial_shops, shop
Snake:2:  layout_chambers, special_room, basic_altar,
          chequers_hall_statues_corner_a, serial_bayou_shore_a, uniq_mlioglotl,
          uniq_aizul
Snake:3:  layout_grid_maze, uniq_roxanne, uniq_agnes
Snake:4:  grunt_snake_rune_pools, layout_onion, serial_shops, shop
Slime:1:  layout_caves
Slime:2:  layout_caves
Slime:3:  layout_caves, nicolae_slime_getting_an_eyeful
Slime:4:  layout_caves
Slime:5:  slime_pit_nicolae_royal_road_to_ruin, uniq_dissolution
Orc:1:    layout_caves, serial_shops, nicolae_shop_mannequins
Orc:2:    hellmonk_orc_salted, layout_diamond_mine, gauntlet_entry_generic,
          serial_shops, shop, nicolae_square_shop, shop,
          nicolae_shop_tiny_statue_garden, regret_index_minedec_guest_junction
Elf:1:    layout_loops_cross, kennysheep_underground_church
Elf:2:    elven_hall_of_blades_hangedman_original [nicolae_blade_bullseye],
          layout_gridlike, basic_altar, portal_desolation_entry_nicolae_slug
Elf:3:    nooodl_elf_gasket, layout_rooms, st_stairs_1, pf_eden, uniq_saint_roka
Vaults:1: hangedman_vaults_snaps, vaults_standard_mumra_x,
          nicolae_vaults_puzzle_piece, dpeg_vaults_monster_box, v_alt_pattern_6,
          nicolae_vaults_network_star, vaults_dpeg_spiral, vaults_room_octagon,
          ontoclasm_vaults_bender, vaults_dpeg_doors,
          nicolae_vaults_storage_room_glass, nicolae_vaults_swerve,
          vaults_dpeg_diagonal, layout_vaults_maze
Vaults:2: minmay_crypt_entry_vampire_xt, nicolae_vaults_closet_pinwheel_5,
          hangedman_vaults_capsules, hangedman_vaults_corner_blocks,
          nicolae_vaults_twisting_passages, nicolae_vaults_closet_pinwheel_3,
          v_misc_10, nicolae_vaults_octothorpe, nicolae_vaults_house_1,
          nicolae_vaults_heart-shaped_vault, nicolae_vaults_library_corner,
          nicolae_vaults_house_2, nicolae_vaults_house_3,
          nicolae_vaults_tetromino_L_2, layout_vaults_ring, serial_shops
Vaults:3: nicolae_vaults_oval_intersection, v_pattern_3, v_rooms_2,
          nicolae_vaults_tetromino_L_1, ontoclasm_vaults_idyll,
          nicolae_vaults_little_squares_2, nicolae_vaults_trapezoid_lopsided_3,
          vaults_room_pool, v_misc_25, grunt_vaults_hallway_short,
          nicolae_vaults_trapezoid_lopsided_3, nicolae_vaults_stepped_doors,
          layout_vaults_omnibox
Vaults:4: nicolae_vaults_big_ls, nicolae_vaults_tetromino_L_1,
          nicolae_vaults_storage_closets_1, nicolae_vaults_wine_cellar,
          nicolae_vaults_theta, ontoclasm_vaults_hangar,
          nicolae_vaults_heart-shaped_vault, vaults_dpeg_encased_lava,
          layout_vaults_omnigrid
Vaults:5
Crypt:1:  layout_rooms, nicolae_crypt_lounge_for_the_living
Crypt:2:  layout_basic
Crypt:3:  david_glass_crypt, layout_basic,
          nicolae_tomb_entry_unfolded_pyramid_diagonal, mu_enter_wizlab_5,
          glass_columns_a
Depths:1: layout_basic, pan_entry, hell_entry, fedhas_altar_fruit_tree,
          nrook_campfire, nicolae_ru_the_path_less_chosen, grunt_megastairs_4,
          firewood_loft
Depths:2: grunt_forest_end_chambers, layout_cave_pools, lightli_too_deep,
          grunt_pan_entry_in_and_out, nrook_pool_corridor, abyss_entry,
          uniq_mara
Depths:3: minmay_sliced_demisemicircle, layout_cave_shapes, enter_ziggurat_c,
          abyss_entry_small_statue_room, hangedman_tar_grid_catacomb,
          minmay_shoptagon
Depths:4: evilmike_zot_entry_basic, layout_basic, nemelex_diamond_rough_becter,
          hellmouth_1, pan_entry, serial_shops, shop, lemuel_nasty_fountain
Zot:1:    layout_onion_interference, regret_index_zotdec_under_construction
Zot:2:    layout_basic, hangedman_snake_sidewinding
Zot:3:    layout_misc_corridors, regret_index_zotdec_banners

Skill      XL: |  1  2  3  4  5  6  7  8  9 10 11 12 13 14 15 16 17 18 19 20 21 22 23 24 25 26 |
---------------+-------------------------------------------------------------------------------+-----
Conjurations   | 2 3 4 5 6 7 8 9 10 11 12 13 14 15 16 | 16.0
Spellcasting   | 3 4 5 6 7 8 9 10 11 12 13 14 15 16 17 18 19 20 | 20.6
Earth Magic    | 4 5 6 8 9 10 11 12 13 14 15 16 17 18 19 20 21 22 | 22.7
Alchemy        | 3 5 7 8 9 10 11 12 13 14 15 | 15.0
Dodging        | 3 4 5 6 7 8 9 10 11 12 13 14 | 14.7
Fighting       | 2 4 5 6 8 9 10 11 12 13 14 15 16 18 | 18.0
Shields        | 1 3 4 5 6 7 8 9 10 11 12 13 14 15 | 15.0
Evocations     | 3 4 5 6 7 8 9 11 12 13 15 16 17 | 17.0
Hexes          | 2 3 4 5 |  5.0
Translocations | 1 3 5 6 |  6.0
Staves         | 2 5 6 8 9 10 | 10.7
Stealth        | |  1.7

Action                     |  1- 3 |  4- 6 |  7- 9 | 10-12 | 13-15 | 16-18 | 19-21 | 22-24 | 25-27 || total
---------------------------+-------+-------+-------+-------+-------+-------+-------+-------+-------++-------
  Melee: Unarmed           |    22 |       |       |       |       |       |       |       |       ||    22
         Tailslap          |     4 |     4 |    30 |     7 |    20 |    37 |    47 |    22 |    33 ||   204
         Spear             |    14 |    67 |   190 |    42 |   108 |    92 |       |       |       ||   513
         Punch             |       |       |     1 |       |       |       |       |       |       ||     1
         Demon trident     |       |       |       |       |       |   113 |       |       |       ||   113
         Staff             |       |       |       |       |       |     1 |   204 |    93 |   111 ||   409
  Throw: Dart              |       |       |       |       |     1 |       |       |       |       ||     1
   Cast: Sandblast         |    47 |    51 |   139 |    88 |   650 |   276 |       |       |       ||  1251
         Brom's Barrelling |       |       |     1 |    18 |    42 |    11 |       |       |       ||    72
         Olgreb's Toxic Ra |       |       |     6 |    54 |   109 |   103 |    11 |     1 |       ||   284
         Mephitic Cloud    |       |       |     1 |       |       |       |       |       |       ||     1
         Irradiate         |       |       |       |    11 |    33 |    51 |    35 |    12 |     9 ||   151
         Iskenderun's Myst |       |       |       |       |    15 |     2 |       |       |       ||    17
         Lee's Rapid Decon |       |       |       |       |       |    64 |    90 |    22 |    48 ||   224
         Bombard           |       |       |       |       |       |   405 |   654 |   592 |   255 ||  1906
         Yara's Violent Un |       |       |       |       |       |    17 |    21 |    10 |     2 ||    50
         Blink             |       |       |       |       |       |     2 |     3 |     1 |     1 ||     7
         Shatter           |       |       |       |       |       |       |       |    62 |    73 ||   135
         Orb of Destructio |       |       |       |       |       |       |       |       |     1 ||     1
Ability: Breathe Noxious F |       |       |     5 |     9 |     6 |       |     1 |       |       ||    21
  Evoke: Wand              |       |       |       |       |       |    13 |     2 |       |       ||    15
         Condenser vane    |       |       |       |       |       |     1 |     1 |       |       ||     2
         Phantom mirror    |       |       |       |       |       |       |     1 |       |       ||     1
    Use: Scroll            |       |       |       |    14 |     9 |     1 |    14 |     5 |       ||    43
         Potion            |       |       |       |     1 |       |     7 |     3 |     2 |     2 ||    15
   Stab: Sleeping          |       |     5 |     2 |       |       |       |     1 |       |       ||     8
         Distracted        |       |       |       |       |       |       |     2 |     1 |     1 ||     4
 Armour: Skin              |    44 |    43 |   173 |    71 |   381 |   407 |   361 |   173 |   169 ||  1822
  Dodge: Dodged            |    43 |    33 |   147 |    46 |   233 |   460 |   388 |   161 |   207 ||  1718
  Block: Other             |       |       |     4 |     8 |       |       |       |       |       ||    12
         Reflection        |       |       |     2 |    11 |    25 |    42 |       |       |       ||    80
         Buckler           |       |       |       |    31 |    63 |       |       |       |       ||    94
         Kite shield       |       |       |       |       |   381 |   626 |   384 |   193 |   181 ||  1765

Table legend: (Time is in decaauts)
 A = Elapsed time spent in this place.
 B = Non-inter-level travel time spent in this place.
 C = Inter-level travel time spent in this place.
 D = Time resting spent in this place.
 E = Time spent auto-exploring this place.
 F = Levels seen in this place.
 G = Mean time per level.
                   A        B        C        D        E       F      G
               +--------+--------+--------+--------+--------+-----+--------+
         Total |  62026 |  55861 |   6165 |  10652 |  27374 |  62 | 1000.4 |
       Dungeon |  14256 |  12728 |   1528 |   2248 |   7496 |  15 |  950.4 |
        Temple |     53 |      1 |     52 |      0 |      0 |   1 |   53.0 |
          Lair |   6926 |   5805 |   1121 |    958 |   3235 |   5 | 1385.2 |
        Shoals |   4695 |   4220 |    475 |    909 |   1887 |   4 | 1173.8 |
     Snake Pit |   5436 |   4674 |    762 |    202 |   2190 |   4 | 1359.0 |
    Slime Pits |   1370 |   1046 |    324 |      7 |      7 |   5 |  274.0 |
  Orcish Mines |   2338 |   1930 |    408 |    385 |    850 |   2 | 1169.0 |
   Elven Halls |   5109 |   4710 |    399 |   1370 |   1611 |   3 | 1703.0 |
        Vaults |   6085 |   5543 |    542 |    436 |   3942 |   5 | 1217.0 |
         Crypt |   2833 |   2695 |    138 |    483 |   1562 |   3 |  944.3 |
        Depths |   6203 |   5884 |    319 |   2097 |   2545 |   4 | 1550.8 |
           Zot |   2021 |   1930 |     91 |    583 |   1018 |   3 |  673.7 |
         Abyss |    559 |    559 |      0 |     31 |     74 |   2 |  279.5 |
         Trove |    134 |    134 |      0 |      0 |      0 |   1 |  134.0 |
       Ossuary |    481 |    481 |      0 |     38 |    207 |   1 |  481.0 |
      Ice Cave |   1040 |   1040 |      0 |    522 |    121 |   1 | 1040.0 |
        Wizlab |    876 |    876 |      0 |     96 |    438 |   1 |  876.0 |
    Desolation |    766 |    766 |      0 |     94 |    156 |   1 |  766.0 |
      Gauntlet |    838 |    838 |      0 |    193 |     33 |   1 |  838.0 |
               +--------+--------+--------+--------+--------+-----+--------+

Top non-repeatable levels by time:
   Elf:3: 2448 daAuts
Depths:1: 2404 daAuts
  Lair:4: 1791 daAuts
  Lair:5: 1790 daAuts
Vaults:4: 1772 daAuts
   Orc:2: 1753 daAuts
Depths:3: 1604 daAuts
    D:13: 1567 daAuts
   Elf:2: 1520 daAuts
 Snake:3: 1479 daAuts
Vaults:2: 1389 daAuts
Shoals:3: 1381 daAuts
 Snake:2: 1352 daAuts
 Snake:1: 1318 daAuts
 Snake:4: 1285 daAuts
